| TOP OF THE 1ST |
|
Greensboro Grasshoppers batting - Pitching for Augusta GreenJackets : RHP Sergio Silva
|
|
Pitching: RHP Sergio Silva
|
|
|
Batting: RHB Tom Thompson
|
0-0: Foul Ball, location: 2F 0-1: SINGLE (Line Drive, 56, EV 105.0 MPH)
|
|
Batting: RHB Nate Crofts
|
0-0: Ball Tom Thompson is caught stealing 2nd base 2-4 1-0: Swinging Strike 1-1: Ball 2-1: SINGLE (Line Drive, 78M, EV 110.6 MPH)
|
|
Batting: RHB Miguel Velasco
|
0-0: Called Strike 0-1: Ball 1-1: Grounds into double play, 3-6-3 (Groundball, 34, EV 103.1 MPH)
|
| Top of the 1st over - 0 runs, 2 hits, 0 errors, 0 left on base; Greensboro 0 - Augusta 0 |
| BOTTOM OF THE 1ST |
|
Augusta GreenJackets batting - Pitching for Greensboro Grasshoppers : RHP Eric Stevenson
|
|
Pitching: RHP Eric Stevenson
|
|
|
Batting: SHB Zack Barton
|
0-0: Called Strike 0-1: Ball 1-1: Ball 2-1: Ground out 4-3 (Groundball, 4, EV 88.8 MPH)
|
|
Batting: RHB Armando Ramirez
|
0-0: Hit by Pitch
|
|
Batting: LHB Oscar Tamayo
|
0-0: Foul Ball, location: 2F Pickoff Throw to First - Out! 1-3 CS 0-1: Ball 1-1: Ball 2-1: Foul Ball, location: 2F 2-2: Strikes out swinging
|
| Bottom of the 1st over - 0 runs, 0 hits, 0 errors, 0 left on base; Greensboro 0 - Augusta 0 |
| TOP OF THE 2ND |
|
Greensboro Grasshoppers batting - Pitching for Augusta GreenJackets : RHP Sergio Silva
|
|
Batting: LHB Angelo Estrella
|
0-0: Ground out 6-3 (Groundball, 6, EV 104.4 MPH)
|
|
Batting: RHB Alberto Bravo
|
0-0: Foul Ball, location: 2F 0-1: Ball 1-1: Ball 2-1: Called Strike 2-2: Foul Ball, location: 2F 2-2: Strikes out swinging
|
|
Batting: LHB Ryan Thompson
|
0-0: Ball 1-0: Foul Ball, location: 2F 1-1: Foul Ball, location: 2F 1-2: Ball 2-2: Strikes out swinging
|
| Top of the 2nd over - 0 runs, 0 hits, 0 errors, 0 left on base; Greensboro 0 - Augusta 0 |
| BOTTOM OF THE 2ND |
|
Augusta GreenJackets batting - Pitching for Greensboro Grasshoppers : RHP Eric Stevenson
|
|
Batting: LHB Sam Ogg
|
0-0: Ball 1-0: Called Strike 1-1: Called Strike 1-2: DOUBLE (Groundball, 5L, EV 109.4 MPH)
|
|
Batting: LHB Bruce Arvizu
|
0-0: Called Strike 0-1: Ball 1-1: Called Strike 1-2: Ball 2-2: Ball 3-2: Strikes out looking
|
|
Batting: RHB Aaron Burress
|
0-0: Ball 1-0: Ball 2-0: Called Strike 2-1: Ball 3-1: Base on Balls
|
|
Batting: RHB Jonathan Davis
|
0-0: Ball 1-0: Called Strike 1-1: Swinging Strike 1-2: Ball 2-2: Strikes out looking
|
|
Batting: SHB Louie Horne
|
0-0: Ball 1-0: Foul Ball, location: 2F 1-1: Foul Ball, location: 2F 1-2: Fly out, F7 (Flyball, 78S, EV 88.1 MPH)
|
| Bottom of the 2nd over - 0 runs, 1 hit, 0 errors, 2 left on base; Greensboro 0 - Augusta 0 |
| TOP OF THE 3RD |
|
Greensboro Grasshoppers batting - Pitching for Augusta GreenJackets : RHP Sergio Silva
|
|
Batting: LHB Jose Cabello
|
0-0: Called Strike 0-1: Ground out 4-3 (Groundball, 4, EV 90.6 MPH)
|
|
Batting: RHB Nick Dunton
|
0-0: Ball 1-0: Foul Ball, location: 2F 1-1: Foul Ball, location: 2F 1-2: Ball 2-2: Ball 3-2: Strikes out swinging
|
|
Batting: RHB J.D. Vander Klok
|
0-0: Swinging Strike 0-1: Called Strike 0-2: Ball 1-2: SINGLE (Groundball, 56D, EV 96.2 MPH)
|
|
Batting: RHB Tom Thompson
|
0-0: Called Strike 0-1: Ball 1-1: Called Strike 1-2: Strikes out swinging
|
| Top of the 3rd over - 0 runs, 1 hit, 0 errors, 1 left on base; Greensboro 0 - Augusta 0 |
| BOTTOM OF THE 3RD |
|
Augusta GreenJackets batting - Pitching for Greensboro Grasshoppers : RHP Eric Stevenson
|
|
Batting: RHB Gary Sampson
|
0-0: Fly out, F8 (Flyball, 8RD, EV 100.0 MPH)
|
|
Batting: SHB Zack Barton
|
0-0: Ball 1-0: Ground out 3-1 (Groundball, 34, EV 83.8 MPH)
|
|
Batting: RHB Armando Ramirez
|
0-0: SINGLE (Groundball, 5S, EV 61.9 MPH) (infield hit)
|
|
Batting: LHB Oscar Tamayo
|
0-0: Swinging Strike 0-1: Fly out, F7 (Flyball, 78M, EV 87.5 MPH)
|
| Bottom of the 3rd over - 0 runs, 1 hit, 0 errors, 1 left on base; Greensboro 0 - Augusta 0 |
| TOP OF THE 4TH |
|
Greensboro Grasshoppers batting - Pitching for Augusta GreenJackets : RHP Sergio Silva
|
|
Batting: RHB Nate Crofts
|
0-0: Fly out, F8 (Line Drive, 78D, EV 98.8 MPH)
|
|
Batting: RHB Miguel Velasco
|
0-0: Ball 1-0: Ball 2-0: Foul Ball, location: 2F 2-1: Ball 3-1: Base on Balls
|
|
Batting: LHB Angelo Estrella
|
0-0: Foul Ball, location: 2F 0-1: Called Strike 0-2: Ball 1-2: Foul Ball, location: 2F 1-2: SINGLE (Line Drive, 6MD, EV 95.0 MPH) Miguel Velasco to second
|
|
Batting: RHB Alberto Bravo
|
0-0: Called Strike 0-1: Ball 1-1: Ball 2-1: Foul Ball, location: 2F 2-2: Ball 3-2: Base on Balls Miguel Velasco to third Angelo Estrella to second
|
|
Batting: LHB Ryan Thompson
|
0-0: Ball 1-0: Called Strike 1-1: Ball 2-1: DOUBLE (Groundball, 3L, EV 95.0 MPH) Miguel Velasco scores Angelo Estrella scores Alberto Bravo to third
|
|
Batting: LHB Jose Cabello
|
0-0: Foul Ball, location: 2F 0-1: Swinging Strike 0-2: Strikes out swinging
|
|
Batting: RHB Nick Dunton
|
0-0: Ball 1-0: Ground out 6-3 (Groundball, 6, EV 84.4 MPH)
|
| Top of the 4th over - 2 runs, 2 hits, 0 errors, 2 left on base; Greensboro 2 - Augusta 0 |
| BOTTOM OF THE 4TH |
|
Augusta GreenJackets batting - Pitching for Greensboro Grasshoppers : RHP Eric Stevenson
|
|
Batting: LHB Sam Ogg
|
0-0: Swinging Strike 0-1: Called Strike 0-2: Strikes out swinging
|
|
Batting: LHB Bruce Arvizu
|
0-0: Ball 1-0: Hit by Pitch
|
|
Batting: RHB Aaron Burress
|
0-0: Ball 1-0: Ball 2-0: Called Strike 2-1: Called Strike 2-2: Ball Bruce Arvizu is caught stealing 2nd base 2-4 3-2: Foul Ball, location: 2F 3-2: Fly out, F8 (Flyball, 8RD, EV 96.9 MPH)
|
| Bottom of the 4th over - 0 runs, 0 hits, 0 errors, 0 left on base; Greensboro 2 - Augusta 0 |
| TOP OF THE 5TH |
|
Greensboro Grasshoppers batting - Pitching for Augusta GreenJackets : RHP Sergio Silva
|
|
Batting: RHB J.D. Vander Klok
|
0-0: Called Strike 0-1: Swinging Strike 0-2: Ball 1-2: Ball 2-2: Ground out 6-3 (Groundball, 6, EV 89.4 MPH)
|
|
Batting: RHB Tom Thompson
|
0-0: Called Strike 0-1: Ball 1-1: Called Strike 1-2: Ball 2-2: Ball 3-2: Strikes out swinging
|
|
Batting: RHB Nate Crofts
|
0-0: Ball 1-0: Called Strike 1-1: Ball 2-1: Ball 3-1: Foul Ball, location: 2F 3-2: Base on Balls
|
|
Batting: RHB Miguel Velasco
|
0-0: Fielders Choice at 2nd, 6-4 (Groundball, 6, EV 87.5 MPH)
|
| Top of the 5th over - 0 runs, 0 hits, 0 errors, 1 left on base; Greensboro 2 - Augusta 0 |
| BOTTOM OF THE 5TH |
|
Augusta GreenJackets batting - Pitching for Greensboro Grasshoppers : RHP Eric Stevenson
|
|
Batting: RHB Jonathan Davis
|
0-0: Ball 1-0: Ball 2-0: Ball 3-0: Called Strike 3-1: Base on Balls
|
|
Batting: SHB Louie Horne
|
0-0: Ball 1-0: Reached on error, E4 (Groundball, 34D, EV 110.0 MPH) Jonathan Davis to third
|
|
Batting: RHB Gary Sampson
|
0-0: Ball 1-0: Foul Ball, location: 2F 1-1: Fly out, F9 (Line Drive, 9S, EV 112.5 MPH)
|
|
Batting: SHB Zack Barton
|
0-0: Called Strike 0-1: Called Strike 0-2: Strikes out looking
|
|
Batting: RHB Armando Ramirez
|
0-0: Swinging Strike 0-1: Swinging Strike 0-2: Ball 1-2: Ball 2-2: Strikes out looking
|
| Bottom of the 5th over - 0 runs, 0 hits, 1 error, 2 left on base; Greensboro 2 - Augusta 0 |
| TOP OF THE 6TH |
|
Greensboro Grasshoppers batting - Pitching for Augusta GreenJackets : RHP Sergio Silva
|
|
Batting: LHB Angelo Estrella
|
0-0: Ball 1-0: Foul Ball, location: 2F 1-1: Ball 2-1: Called Strike 2-2: Foul Ball, location: 2F 2-2: Ball 3-2: Fly out, F8 (Flyball, 89XD, EV 106.9 MPH)
|
|
Pitching: RHP Hiroaki Yazawa
|
|
|
Batting: RHB Alberto Bravo
|
0-0: Called Strike 0-1: Ball 1-1: Ball 2-1: Called Strike 2-2: Foul Ball, location: 2F 2-2: Strikes out looking
|
|
Batting: LHB Ryan Thompson
|
0-0: Ball 1-0: SINGLE (Groundball, 6MD, EV 101.9 MPH)
|
|
Batting: LHB Jose Cabello
|
0-0: Ball 1-0: Swinging Strike 1-1: Ground out U3 (Groundball, 3, EV 89.4 MPH)
|
| Top of the 6th over - 0 runs, 1 hit, 0 errors, 1 left on base; Greensboro 2 - Augusta 0 |
| BOTTOM OF THE 6TH |
|
Augusta GreenJackets batting - Pitching for Greensboro Grasshoppers : RHP Eric Stevenson
|
|
Batting: LHB Oscar Tamayo
|
0-0: Called Strike 0-1: Ball 1-1: Ball 2-1: Ball 3-1: Base on Balls
|
|
Batting: LHB Sam Ogg
|
0-0: Ball 1-0: Called Strike 1-1: Ball 2-1: Swinging Strike 2-2: Strikes out looking
|
|
Batting: LHB Bruce Arvizu
|
0-0: Ball 1-0: SINGLE (Flyball, 7S, EV 90.6 MPH) Oscar Tamayo to second
|
|
Batting: RHB Aaron Burress
|
0-0: Ball 1-0: Foul Ball, location: 2F 1-1: Fielders Choice at 2nd, 4-6 (Groundball, 13, EV 86.9 MPH) Oscar Tamayo to third
|
|
Batting: RHB Jonathan Davis
|
0-0: Called Strike 0-1: SINGLE (Groundball, 56D, EV 100.6 MPH) Oscar Tamayo scores Aaron Burress to second
|
|
Batting: SHB Louie Horne
|
0-0: Foul Ball, location: 2F 0-1: Foul Ball, location: 2F 0-2: Strikes out swinging
|
| Bottom of the 6th over - 1 run, 2 hits, 0 errors, 2 left on base; Greensboro 2 - Augusta 1 |
| TOP OF THE 7TH |
|
Greensboro Grasshoppers batting - Pitching for Augusta GreenJackets : RHP Hiroaki Yazawa
|
|
Batting: RHB Nick Dunton
|
0-0: Ball 1-0: Called Strike 1-1: Ball 2-1: Foul Ball, location: 2F 2-2: Ground out 1-3 (Groundball, 13, EV 68.1 MPH)
|
|
Batting: RHB J.D. Vander Klok
|
0-0: Foul Ball, location: 2F 0-1: SINGLE (Groundball, 6D, EV 100.6 MPH)
|
|
Batting: RHB Tom Thompson
|
0-0: Reached on error, E6 (Groundball, 6, EV 100.0 MPH) J.D. Vander Klok to second
|
|
Batting: RHB Nate Crofts
|
0-0: Swinging Strike 0-1: Foul Ball, location: 2F 0-2: Ball 1-2: Strikes out swinging
|
|
Batting: RHB Miguel Velasco
|
0-0: Ground out U3 (Groundball, 3L, EV 80.6 MPH)
|
| Top of the 7th over - 0 runs, 1 hit, 1 error, 2 left on base; Greensboro 2 - Augusta 1 |
| BOTTOM OF THE 7TH |
|
Augusta GreenJackets batting - Pitching for Greensboro Grasshoppers : RHP Eric Stevenson
|
|
Pinch Hitting: LHB Ho-win Zhou
|
0-0: Ball 1-0: SOLO HOME RUN (Flyball, 9D, EV 96.9 MPH), Distance : 374 ft
|
|
Batting: SHB Zack Barton
|
0-0: Ball 1-0: Ball 2-0: Called Strike 2-1: Fly out, F7 (Line Drive, 7S, EV 106.2 MPH)
|
|
Batting: RHB Armando Ramirez
|
0-0: Foul Ball, location: 2F 0-1: Ball 1-1: Called Strike 1-2: Hit by Pitch
|
|
Batting: LHB Oscar Tamayo
|
0-0: Called Strike Armando Ramirez steals 2nd, throwing error, E2 Armando Ramirez to third 0-1: Ground out 4-3 (Groundball, 4, EV 110.0 MPH)
|
|
Batting: LHB Sam Ogg
|
0-0: DOUBLE (Groundball, 3L, EV 104.4 MPH) Armando Ramirez scores
|
|
Pitching: RHP Matt Alexander
|
|
|
Batting: LHB Bruce Arvizu
|
0-0: Foul Ball, location: 2F 0-1: Ball 1-1: Swinging Strike 1-2: Strikes out swinging
|
| Bottom of the 7th over - 2 runs, 2 hits, 1 error, 1 left on base; Greensboro 2 - Augusta 3 |
| TOP OF THE 8TH |
|
Greensboro Grasshoppers batting - Pitching for Augusta GreenJackets : RHP Hiroaki Yazawa
|
|
Pitching: LHP Jeff Briggs
|
|
|
Now at 2B: Allen Gravel
|
|
|
Batting: LHB Angelo Estrella
|
0-0: Ball 1-0: Ball 2-0: Called Strike 2-1: Ball 3-1: Base on Balls
|
|
Pitching: LHP Bobby Storey
|
|
|
Batting: RHB Alberto Bravo
|
0-0: Called Strike 0-1: Called Strike 0-2: Foul Ball, location: 2F 0-2: Strikes out looking
|
|
Batting: LHB Ryan Thompson
|
0-0: Ball 1-0: Ball 2-0: Foul Ball, location: 2F 2-1: Grounds into double play, 3-6-1 (Groundball, 3, EV 101.2 MPH)
|
| Top of the 8th over - 0 runs, 0 hits, 0 errors, 0 left on base; Greensboro 2 - Augusta 3 |
| BOTTOM OF THE 8TH |
|
Augusta GreenJackets batting - Pitching for Greensboro Grasshoppers : RHP Matt Alexander
|
|
Batting: RHB Aaron Burress
|
0-0: Ball 1-0: Called Strike 1-1: Ball 2-1: Called Strike 2-2: Strikes out looking
|
|
Batting: RHB Jonathan Davis
|
0-0: Foul Ball, location: 2F 0-1: Foul Ball, location: 2F 0-2: Ball 1-2: Ball 2-2: Ground out 4-3 (Groundball, 4, EV 108.1 MPH)
|
|
Batting: SHB Louie Horne
|
0-0: Called Strike 0-1: Ball 1-1: Ground out 4-3 (Groundball, 4S, EV 70.0 MPH)
|
| Bottom of the 8th over - 0 runs, 0 hits, 0 errors, 0 left on base; Greensboro 2 - Augusta 3 |
| TOP OF THE 9TH |
|
Greensboro Grasshoppers batting - Pitching for Augusta GreenJackets : LHP Bobby Storey
|
|
Pitching: RHP Ricky Fo
|
|
|
Now in RF: Gil Caraveo
|
|
|
Batting: LHB Jose Cabello
|
0-0: Called Strike 0-1: Ball 1-1: Ball 2-1: Foul Ball, location: 2F 2-2: Ball 3-2: Strikes out swinging
|
|
Pinch Hitting: LHB Ryan Karg
|
0-0: Ball 1-0: Foul Ball, location: 2F 1-1: Called Strike 1-2: Ball 2-2: Foul Ball, location: 2F 2-2: SINGLE (Line Drive, 9S, EV 95.0 MPH)
|
|
Batting: RHB J.D. Vander Klok
|
0-0: Ball 1-0: Ball 2-0: Foul Ball, location: 2F 2-1: Foul Ball, location: 2F 2-2: Strikes out looking
|
|
Batting: RHB Tom Thompson
|
0-0: Foul Ball, location: 2F 0-1: Ball 1-1: Fielders Choice at 2nd, 6-4 (Groundball, 56, EV 86.9 MPH)
|
| Top of the 9th over - 0 runs, 1 hit, 0 errors, 1 left on base; Greensboro 2 - Augusta 3 |
|